 Dungeon Crawl Stone Soup version 0.26.1-11-gd32895ea62 (webtiles) character file.

Game seed: 14931544490647843254

129 Zeld the Slasher (level 5, -2/38 HPs)
             Began as a Human Gladiator on June 5, 2021.
             Killed from afar by Sigmund (3 damage)
             ... with a puff of flame
             ... on level 2 of the Dungeon.
             The game lasted 00:03:46 (1929 turns).

Zeld the Slasher (Human Gladiator)                  Turns: 1929, Time: 00:03:46

Health: -2/38      AC:  6    Str: 16    XL:     5   Next: 35%
Magic:  5/5        EV: 13    Int:  8    God:
Gold:   77         SH:  0    Dex: 14    Spells: 4/4 levels left

rFire    . . .     SeeInvis .   a - +0 long sword
rCold    . . .     Faith    .   (no shield)
rNeg     . . .     Spirit   .   b - +0 leather armour
rPois    .         Reflect  .   c - +0 helmet
rElec    .         Harm     .   g - +1 cloak
rCorr    .         Rampage  .   (no gloves)
Will     .....                  (no boots)
Stlth    +.........             (no amulet)
HPRegen  0.12/turn              (no ring)
MPRegen  0.09/turn              (no ring)

@: no status effects
A: no striking features
a: no special abilities


You were on level 2 of the Dungeon.
You visited 1 branch of the dungeon, and saw 2 of its levels.

You collected 77 gold pieces.

Inventory:

Hand Weapons
 a - a +0 long sword (weapon)
Missiles
 d - 3 throwing nets (quivered)
 h - 6 boomerangs
 i - 20 poisoned darts
Armour
 b - a +0 leather armour (worn)
 c - a +0 helmet (worn)
 g - a +1 cloak (worn)
Jewellery
 f - an uncursed amulet of faith {unknown}
Scrolls
 l - a scroll of amnesia {unknown}
 n - 2 scrolls of remove curse {unknown}
 q - a scroll of teleportation {unknown}
 r - a scroll of identify {unknown}
Potions
 e - 2 potions of degeneration {unknown}
 j - a potion of flight {unknown}
 k - a potion of mutation {unknown}
 m - a potion of lignification {unknown}
 o - 3 potions of curing
 p - a potion of resistance {unknown}


   Skills:
 - Level 2.0 Fighting
 * Level 5.6 Long Blades
 - Level 2.0 Throwing
 - Level 3.0 Dodging
 - Level 0.2 Stealth


You had 4 spell levels left.
You didn't know any spells.
Your spell library was empty.

Dungeon Overview and Level Annotations

Branches:
Dungeon (2/15)

Altars:
Fedhas
Qazlal
Yredelemnul

Annotations:
D:2 Sigmund


Message History

Sigmund laughs darkly.
You see here a short sword.
You see here a dagger.
You see here a +0 rapier.
You see here a goblin skeleton.
Sigmund giggles. "Time to reap what you sow."
Sigmund casts a spell at himself.
Sigmund flickers and vanishes!
Deactivating autopickup; reactivate with Ctrl-A.
A puff of flame appears from out of thin air!
The puff of flame hits you.
* * * LOW HITPOINT WARNING * * *
Things that are here:
a +0 robe; a +1 dagger of electrocution A magic dart appears from out of thin air!
The magic dart hits you.
* * * LOW HITPOINT WARNING * * *
A puff of flame appears from out of thin air!
The puff of flame hits you.
You die...

...#.##....##.)...>...#
##.#.##....##.######..##########
#.#.##....##.# #...........#
##.#..........## #.#########.#
....(..........### #.# #.#
.###.............# #.# #.# .#
#.##....##..#.###.# #.# .#
#.##....####...##.#########.#
####.##....###.#@###.#.........#
..^>.....#.##.#.##.###.#########
..>..#######.#[##.#.##.# ######
##.#.##.#.#(### #
##.#.##@#.#.#(## #
##.#.##.#.###.#.## ###
##.#.##.#.##.##.#(## ..#
##.#{##.#.##.#.##.#(## #.#
##.#.##.#.##.#.#.##@#.## #.#


There were no monsters in sight!

Vanquished Creatures
  2 orc wizards (D:2)
  3 adders (D:2)
  2 worms (D:2)
  A dart slug (D:2)
  A leopard gecko (D:2)
  3 orcs
  A ball python (D:1)
  3 giant cockroaches
  5 goblins
  4 hobgoblins
  2 jackals (D:2)
  A quokka (D:2)
  2 bats (D:2)
  4 frilled lizards
  5 kobolds
  6 rats
45 creatures vanquished.

Notes
Turn   | Place    | Note
-------+----------+-------------------------------------------
     0 | D:1      | Zeld the Human Gladiator began the quest for the Orb.
     0 | D:1      | Reached XP level 1. HP: 16/16 MP: 1/1
   258 | D:1      | Reached XP level 2. HP: 22/22 MP: 2/2
   685 | D:2      | Found a blossoming altar of Fedhas.
   686 | D:2      | Found a stormy altar of Qazlal.
   686 | D:2      | Found a basalt altar of Yredelemnul.
   697 | D:2      | Reached skill level 4 in Long Blades
   697 | D:2      | Reached XP level 3. HP: 18/27 MP: 3/3
  1130 | D:2      | Reached XP level 4. HP: 30/33 MP: 4/4
  1285 | D:2      | Reached skill level 5 in Long Blades
  1513 | D:2      | Reached XP level 5. HP: 34/38 MP: 5/5
  1784 | D:2      | Noticed Sigmund
  1928 | D:2      | HP: 1/38 [something/magic dart (4)]
  1929 | D:2      | Killed from afar by Sigmund

Illustrated notes

Levels and vault maps discovered:
D:1:      dpeg_arrival_shelter, layout_loops_cross,
          corexii_item_surrounded_by_moat, chequers_arboretum
D:2:      minmay_inner_zag, layout_loops_ring,
          chequers_temple_overflow_statue_of_worship, uniq_sigmund

Skill      XL: |  1  2  3  4 |
---------------+-------------+-----
Long Blades    | 4 5 |  5.6
Fighting       | |  2.0
Throwing       | |  2.0
Dodging        | |  3.0
Stealth        | |  0.2

Action                   |  1- 3 |  4- 6 || total
-------------------------+-------+-------++-------
Melee: Long sword        |    58 |    58 ||   116
 Stab: Sleeping          |     1 |       ||     1
Armor: Leather armour    |    13 |    14 ||    27
Dodge: Dodged            |    38 |    36 ||    74
       Rpst.: Long sword |    10 |    12 ||    22
